 Dungeon Crawl Stone Soup version 0.26-a0-812-g31a745ddcd (webtiles) character file.

Game seed: 8652546075388230341

70 Lanoc the Ducker (level 4, -1/27 HPs)
             Began as an Octopode Hedge Wizard on Nov 21, 2020.
             Was a Follower of Sif Muna.
             Killed by nerve-wracking pain
             ... invoked by an orc priest
              (14 damage)
             ... on level 3 of the Dungeon.
             The game lasted 00:02:51 (2724 turns).

Lanoc the Ducker (Octopode Hedge Wizard)            Turns: 2724, Time: 00:02:52

Health: -1/27      AC:  1    Str:  9    XL:     4   Next: 22%
Magic:  4/8        EV: 18    Int: 17    God:    Sif Muna [*.....]
Gold:   177        SH:  0    Dex: 11    Spells: 4/9 levels left

rFire    . . .     SeeInvis .   n - staff of poison (curse)
rCold    . . .     Faith    .   (no shield)
rNeg     . . .     Spirit   .   b - +0 hat
rPois    +         Reflect  .   (no amulet)
rElec    .         Harm     .   m - ring of flight
rCorr    .         Rampage  .   i - ring of teleportation (curse)
MR       .....     Rnd*Tele +   o - +4 ring of evasion
Stlth    +++.......             (no ring)
HPRegen  0.09/turn              (no ring)
MPRegen  0.11/turn              (no ring)
                                (no ring)
                                (no ring)

@: no status effects
A: almost no armour, stealthy swim, amphibious, 8 rings, constrict 8, camouflage
1, gelatinous body 1
a: Channel Magic, Renounce Religion, Evoke Flight


You were on level 3 of the Dungeon.
You worshipped Sif Muna.
Sif Muna was aware of your devotion.
You visited 1 branch of the dungeon, and saw 3 of its levels.

You collected 177 gold pieces.

Inventory:

Armour
 b - a +0 hat (worn)
Magical Staves
 n - a cursed staff of poison (weapon)
Jewellery
 i - a cursed ring of teleportation (right tentacle)
 m - a ring of flight (left tentacle)
 o - a +4 ring of evasion (on tentacle)
Scrolls
 c - a scroll of enchant armour {unknown}
 e - 2 scrolls of fog {unknown}
 f - 2 scrolls of remove curse {unknown}
 g - 2 scrolls of identify {unknown}
 h - a scroll of amnesia {unknown}
 p - a scroll of immolation {unknown}
Potions
 a - a potion of curing {unknown}
 d - 2 potions of lignification {unknown}
 j - a potion of heal wounds {unknown}
 k - a potion of mutation {unknown}
 l - a potion of cancellation {unknown}


   Skills:
 + Level 3.2 Dodging
 - Level 2.6 Stealth
 - Level 3.0 Spellcasting
 + Level 2.5 Conjurations
 - Level 1.0 Summonings
 - Level 1.0 Translocations
 + Level 1.3 Invocations


You had 4 spell levels left.
You knew the following spells:

 Your Spells              Type           Power        Failure   Level
a - Magic Dart            Conj           ##..         6%          1
b - Blink                 Tloc           N/A          17%         2
c - Call Imp              Summ           #.......     17%         2

Your spell library contained the following spells:

 Spells                   Type           Power        Failure   Level
 Slow                     Hex            #.......     26%         2
 Conjure Flame            Conj/Fire      #.......     30%         3
 Mephitic Cloud           Conj/Pois/Air  #.......     36%         3


Dungeon Overview and Level Annotations

Branches:
Dungeon (3/15)

Altars:
Okawaru
Sif Muna


Innate Abilities, Weirdness & Mutations

You cannot wear most types of armour.
You are very stealthy in the water. (Stealth+)
You are amphibious.
You can wear up to eight rings at the same time.
You can use your tentacles to constrict eight enemies at once.
Your skin changes colour to match your surroundings (Stealth+).
Your rubbery body absorbs attacks. (AC +1, EV +1)


Message History

Sif Muna accepts your kill.
Casting: Magic Dart (safe; 6% risk of failure)
Confirm with . or Enter, or press ? or * to list all spells.
Aiming: Magic Dart (safe; 6% risk of failure)
Press: ? - help, Shift-Dir - straight line, f - orc
Aim: an orc, wielding a +0 war axe and wearing a +0 ring mail The magic dart hits the orc but does no damage.
The orc hits you with a +0 war axe.
Casting: Magic Dart (safe; 6% risk of failure)
Confirm with . or Enter, or press ? or * to list all spells.
Aiming: Magic Dart (safe; 6% risk of failure)
Press: ? - help, Shift-Dir - straight line, f/p - orc
Aim: an orc, wielding a +0 war axe and wearing a +0 ring mail The magic dart hits the orc.
The orc is lightly wounded.
The orc hits you with a +0 war axe!
The orc priest calls down the wrath of Beogh upon you.
Pain shoots through your body!
Ouch! That really hurt!
You die...

########## #####
#........# #(..#
#........######.#.###
#.............(....(#
######.############.#
### #.# ...........#
..# #.#.# #####@...#
..####.#.#######.#.##
.......#.#..oo.#.#.#
...#####.#.###.#.#.#
...## ...#.# #.o...#
##.##.#..o.# ###.###
#....oo..##...#.#
.....)#<....# #.#
..... #.##### #.#


You could see an orc priest.

Vanquished Creatures
  An ooze (D:2)
  A worm (D:2)
  3 dart slugs
  A leopard gecko (D:3)
  5 orcs (D:3)
  4 giant cockroaches
  4 goblins
  7 hobgoblins
  4 jackals (D:2)
  5 quokkas
  4 bats
  2 frilled lizards (D:2)
  2 kobolds (D:3)
43 creatures vanquished.

Notes
Turn   | Place    | Note
-------+----------+-------------------------------------------
     0 | D:1      | Lanoc the Octopode Hedge Wizard began the quest for the
                  | Orb.
     0 | D:1      | Reached XP level 1. HP: 11/11 MP: 4/4
   362 | D:2      | Found a shimmering blue altar of Sif Muna.
   364 | D:2      | Reached XP level 2. HP: 9/17 MP: 1/6
   716 | D:2      | Became a worshipper of Sif Muna the Loreminder
  1127 | D:2      | Learned a level 2 spell: Blink
  1133 | D:2      | Reached XP level 3. HP: 21/21 MP: 3/7
  1606 | D:2      | Learned a level 2 spell: Call Imp
  2080 | D:3      | Reached skill level 1 in Invocations
  2336 | D:3      | Reached XP level 4. HP: 23/27 MP: 0/8
  2402 | D:3      | Found an iron altar of Okawaru.
  2675 | D:3      | Reached * piety under Sif Muna
  2724 | D:3      | Killed from afar by an orc priest

Illustrated notes

Levels and vault maps discovered:
D:1:      beargit_arrival_greenhouse, layout_basic, grunt_decor_one_mirror,
          amethyst_killhole, minmay_misc_feat_alley,
          chequers_serial_rivers_large_a
D:2:      layout_loops_ring, lemuel_round_altar
D:3:      layout_basic, marbit_many_paths, okawaru_altar_gauntlet_db

Skill      XL: |  1  2  3 |
---------------+----------+-----
Conjurations   | 2 |  2.5
Dodging        | 3 |  3.2
Invocations    | 1 |  1.3
Stealth        | |  2.6
Spellcasting   | |  3.0
Summonings     | |  1.0
Translocations | |  1.0

Action                   |  1- 3 |  4- 6 || total
-------------------------+-------+-------++-------
Melee: Dagger            |    22 |       ||    22
       Constrict         |    10 |     2 ||    12
       Tentacles         |     4 |     1 ||     5
       Staff             |    14 |    10 ||    24
 Cast: Magic Dart        |    89 |    19 ||   108
 Stab: Sleeping          |     1 |       ||     1
Armor: Skin              |    10 |     2 ||    12
Dodge: Dodged            |    51 |    16 ||    67

Table legend: (Time is in decaauts)
 A = Elapsed time spent in this place.
 B = Non-inter-level travel time spent in this place.
 C = Inter-level travel time spent in this place.
 D = Time resting spent in this place.
 E = Time spent auto-exploring this place.
 F = Levels seen in this place.
 G = Mean time per level.
                   A        B        C        D        E       F      G
               +--------+--------+--------+--------+--------+-----+--------+
         Total |   2729 |   2703 |     26 |    215 |   2189 |   3 |  909.7 |
       Dungeon |   2729 |   2703 |     26 |    215 |   2189 |   3 |  909.7 |
               +--------+--------+--------+--------+--------+-----+--------+

Top non-repeatable levels by time:
     D:2: 1386 daAuts
     D:3: 774 daAuts
     D:1: 568 daAuts
